 Dungeon Crawl Stone Soup version 0.27-a0-61-g21144fbd99 (webtiles) character file.

Game seed: 5114237726556466121

184710 streetpizza the Spry (level 19, -1/135 HPs)
             Began as a Halfling Hunter on Jan 8, 2021.
             Was a High Priest of Okawaru.
             Slain by a merfolk impaler
             ... wielding a +1 demon trident of freezing
              (10 damage)
             ... on level 4 of the Shoals.
             The game lasted 05:01:03 (42154 turns).

streetpizza the Spry (Halfling Hunter)             Turns: 42154, Time: 05:01:04

Health: -1/135     AC: 20    Str: 23    XL:     19   Next: 11%
Magic:  0/27       EV: 36    Int: 10    God:    Okawaru [*****.]
Gold:   437        SH: 19    Dex: 26    Spells: 18/18 levels left

rFire    + . .     SeeInvis +   X - +2 demon blade (flame)
rCold    + . .     Faith    .   k - +1 buckler {rF+}
rNeg     . . .     Spirit   +   Y - +1 leather armour of Responsibility {rElec Str+5}
rPois    .         Reflect  .   z - +2 helmet {SInv}
rElec    +         Harm     .   K - +1 cloak {rCorr}
rCorr    +         Rampage  .   E - +2 pair of gloves {Str+3}
Will     +....                  w - +2 pair of boots
Stlth    ++++......             t - brooch of Shielding {Spirit SH+8}
HPRegen  0.32/turn              v - +6 ring of dexterity
MPRegen  0.20/turn              L - ring "Zeups" {rC+ Slay+3 SInv}

@: about to teleport, heroism, finesse
A: small, mutation resistance 1
a: Renounce Religion, Heroism, Finesse


You were on level 4 of the Shoals.
You worshipped Okawaru.
Okawaru was extremely pleased with you.
You visited 5 branches of the dungeon, and saw 28 of its levels.
You visited 1 bazaar.
You also visited: Gauntlet, Ice Cave and Volcano.

You collected 4765 gold pieces.
You spent 4328 gold pieces at shops.

Inventory:

Hand Weapons
 a - the +6 fustibalus "Noebeil" {flame, Dex+4}
   (Okawaru gifted it to you on level 2 of the Lair of Beasts)

   It causes projectiles fired from it to burn those they strike, causing extra
   injury to most foes and up to half again as much damage against particularly
   susceptible opponents.
   It affects your dexterity (+4).
 F - a +5 short sword of electrocution
 X - a +2 demon blade of flaming (weapon)
Missiles
 d - 329 sling bullets
 i - 101 poisoned darts (quivered)
 D - 149 stones
Armour
 k - a +1 buckler of fire resistance (worn)
 w - a +2 pair of boots (worn)
 z - a +2 helmet of see invisible (worn)
 E - a +2 pair of gloves of strength (worn)
 K - a +1 cloak of preservation (worn)
 U - the +1 helmet of Qustrol {Rampage rPois rF+}
   (Okawaru gifted it to you on level 3 of the Shoals)

   It protects you from fire.
   It protects you from poison.
   It bestows one free step when moving towards enemies.
 V - the +1 robe of Ru {Slay+2}
   (You found it on level 3 of the Shoals)

   It affects your accuracy and damage with ranged weapons and melee attacks
   (+2).
 Y - the +1 leather armour of Responsibility (worn) {rElec Str+5}
   (You found it in a Gauntlet)

   It affects your strength (+5).
   It insulates you from electricity.
Jewellery
 t - the brooch of Shielding (around neck) {Spirit SH+8}
   (You bought it in a shop on level 15 of the Dungeon)

   [amulet of guardian spirit]

   It causes incoming damage to be split between your health and magic.
   It affects your SH (+8).
 v - a +6 ring of dexterity (left hand)
 L - the ring "Zeups" (right hand) {rC+ Slay+3 SInv}
   (You found it in an ice cave)

   [ring of protection from cold]

   It affects your accuracy and damage with ranged weapons and melee attacks
   (+3).
   It protects you from cold.
   It lets you see invisible.
 R - an uncursed ring of flight
 Z - an uncursed ring of willpower
Wands
 c - a wand of digging (15)
 o - a wand of random effects (27)
 x - a wand of disintegration (5)
 C - a wand of iceblast (8)
 G - a wand of paralysis (39)
 I - a wand of acid (7)
 P - a wand of flame (41)
Scrolls
 e - 4 scrolls of enchant armour
 f - a scroll of fear
 j - 13 scrolls of identify
 m - 6 scrolls of teleportation
 s - 4 scrolls of blinking
 u - 14 scrolls of remove curse
 y - 5 scrolls of fog
 M - 4 scrolls of silence
 N - 9 scrolls of amnesia
 Q - 4 scrolls of magic mapping
 S - 3 scrolls of enchant weapon
 T - a scroll of brand weapon {unknown}
Potions
 g - 8 potions of curing
 h - 2 potions of berserk rage
 l - 3 potions of haste
 p - 3 potions of might
 q - 2 potions of flight
 B - 4 potions of cancellation
 H - 5 potions of lignification
 J - 3 potions of resistance
 W - a potion of invisibility
Miscellaneous
 b - a phial of floods
 n - a lightning rod (4/4)
 r - a box of beasts
 O - a condenser vane


   Skills:
 + Level 13.9(18.9) Fighting
 - Level 14.3(19.3) Short Blades
 - Level 14.0(19.0) Slings
 + Level 13.1(18.1) Armour
 + Level 16.1(21.1) Dodging
 - Level 1.1(6.1) Stealth
 - Level 6.8(11.8) Shields
 - Level 10.7 Invocations
 + Level 11.2 Evocations


You had 18 spell levels left.
You didn't know any spells.
Your spell library contained the following spells:

 Spells                   Type           Power        Failure   Level
 Animate Skeleton         Necr           0%           38%         1
 Apportation              Tloc           0%           38%         1
 Corona                   Hex            0%           38%         1
 Magic Dart               Conj           0%           38%         1
 Summon Small Mammal      Summ           0%           38%         1
 Blink                    Tloc           N/A          52%         2
 Call Imp                 Summ           0%           52%         2
 Corpse Rot               Necr/Air       N/A          52%         2
 Ensorcelled Hibernation  Hex/Ice        0%           52%         2
 Searing Ray              Conj           0%           52%         2
 Slow                     Hex            0%           52%         2
 Confusing Touch          Hex            0%           77%         3
 Conjure Flame            Conj/Fire      0%           77%         3
 Dazzling Flash           Conj/Hex       0%           77%         3
 Gell's Gravitas          Tloc           0%           77%         3
 Ignite Poison            Fire/Tmut/Pois 0%           77%         3
 Mephitic Cloud           Conj/Pois/Air  0%           77%         3
 Stone Arrow              Conj/Erth      0%           77%         3
 Tukima's Dance           Hex            0%           77%         3
 Fulminant Prism          Conj/Hex       0%           99%         4
 Iskenderun's Mystic Bla  Conj/Tloc      0%           99%         4
 Petrify                  Tmut/Erth      0%           99%         4
 Borgnjor's Vile Clutch   Necr/Erth      0%           100%        5
 Fireball                 Conj/Fire      0%           100%        5
 Metabolic Englaciation   Hex/Ice        0%           100%        5
 Silence                  Hex/Air        0%           100%        5
 Summon Forest            Summ/Tloc      0%           100%        5
 Yara's Violent Unravell  Hex/Tmut       0%           100%        5
 Eringya's Noxious Bog    Tmut/Pois      0%           100%        6
 Hydra Form               Tmut           0%           100%        6
 Shadow Creatures         Summ           N/A          100%        6
 Starburst                Conj/Fire      0%           100%        6
 Summon Hydra             Summ           0%           100%        7
 Ignition                 Fire           0%           100%        8


Dungeon Overview and Level Annotations

Branches:
Dungeon (15/15)            Temple (1/1) D:5            Lair (6/6) D:10
 Shoals (4/4) Lair:2       Spider (0/4) Lair:3        Slime (0/5) Lair:5
    Orc (2/2) D:9             Elf (0/3) Orc:2        Vaults (0/5) D:13
 Depths (0/5) D:15          IceCv (visited)         Volcano (visited)
Gauntlet (visited)

Altars:
Ashenzari
Cheibriados
Dithmenos
Elyvilon
Fedhas
Gozag
Hepliaklqana
Kikubaaqudgha
Makhleb
Nemelex Xobeh
Okawaru
Qazlal
Ru
Sif Muna
Trog
Uskayaw
Vehumet
Wu Jian
Xom
Yredelemnul
Zin
The Shining One
Beogh

Shops:
D:5 *   D:7 :   D:15 =   Orc:1 *   Orc:2 *[*}*   Shoals:3 *

Portals:
Pandemonium: Orc:2

Annotations:
D:3 3 runed translucent doors, Nietzsche's ghost, amateur HuGl; Rennog's ghost, amateur GnWn; pigah's ghost, amateur DsWn


Innate Abilities, Weirdness & Mutations

You are small and have problems with some larger weapons.
You are somewhat resistant to further mutation.


Message History

The javelin pierces through you!
* * * LOW HITPOINT WARNING * * *
The javelin misses the merfolk javelineer.
Okay, then.
As you read the scroll of teleportation, it crumbles to dust.
You feel strangely unstable. The sea snake completely misses you.
The merfolk throws a boomerang.
You block the boomerang.
The merfolk javelineer throws a silver javelin.
The silver javelin pierces through you!
* * * LOW HITPOINT WARNING * * *
x2 The silver javelin pierces through the plant!!
The silver javelin pierces through the plant!
You block the merfolk impaler's attack.
A manticore comes into view.
The merfolk javelineer throws a javelin.
The javelin closely misses you.
The javelin pierces through the merfolk javelineer!
A nearby plant withers and dies. x2
The merfolk impaler hits you with a +1 demon trident of freezing!
You die...

#≈≈≈≈≈≈≈≈≈........≈........
###≈≈≈≈≈.....###≈##≈?......
≈≈≈≈≈≈.....# #####≈≈≈≈.≈≈
#.≈≈..<..### ≈##≈≈≈≈≈
##........m# ≈≈ ≈≈≈≈≈≈
#....H....## #≈ ≈ #≈≈≈≈≈
#...(.....≈# ≈≈ ≈≈ ≈≈≈≈≈
.#.........## ≈#≈# ≈≈≈≈≈
#.......)m@##.≈≈≈≈ ≈≈≈≈≈
≈.......(mS.#.≈# ≈≈≈≈≈
....((..†.()m# ≈≈≈≈
.....()...)≈†#≈ ≈≈≈
......((≈..≈≈≈..... ≈≈
..<...(.†(.....P..P ≈≈
....PP..........PPP ≈≈
P≈≈≈≈........(..(.. ≈≈
≈≈P≈≈.(...(.H.....P ≈≈


You could see a merfolk impaler, 2 merfolk javelineers, a sea snake, a merfolk
and a manticore.

Vanquished Creatures
  Rupert (Lair:5)
  Polyphemus (Shoals:1)
  Kirke (Lair:6)
  A kraken (Shoals:4)
  An orc warlord (Orc:2)
  A stone giant (Orc:1)
  Nessos (D:14)
  A minotaur (Gauntlet)
  A merfolk javelineer (Shoals:4)
  9 merfolk impalers
  Josephine (Lair:5)
  Erolcha (Orc:2)
  Snorg (D:11)
  A fire dragon (Lair:6)
  12 hydras
  3 vault guards (D:13)
  3 alligator snapping turtles
  2 ice dragons (IceCv)
  3 boulder beetles
  2 catoblepae
  6 merfolk avatars
  5 centaur warriors
  Erica (Orc:1)
  An ogre mage (D:12)
  5 merfolk aquamancers
  A satyr (Shoals:3)
  8 two-headed ogres
  3 tengu warriors (D:15)
  12 death yaks
  7 orc high priests (Orc:2)
  11 sea snakes
  A hell knight (Volcano)
  A salamander mystic (Volcano)
  A sixfirhy (Orc:2)
  3 unseen horrors
  2 gelid demonspawn (Orc:2)
  Pikel (D:7)
  2 lindwurms (Lair:6)
  2 wizards
  2 wolf spider zombies (D:15)
  18 harpies
  5 orc knights
  5 deep elf magi
  An oklob plant (Lair:5)
  6 necromancers
  6 orc sorcerers
  11 manticores
  10 fauns
  5 cyclopes
  17 ugly things
  3 centaur zombies
  6 salamanders (Volcano)
  8 merfolk sirens
  A rust devil (Orc:2)
  10 elephants
  Psyche (D:8)
  7 water nymphs
  4 black mambas
  Maurice (Orc:2)
  7 torpor snails
  8 cane toads
  2 ice statues (IceCv)
  8 rime drakes
  An efreet (D:13)
  8 komodo dragons
  A redback zombie (D:13)
  A hellwing (Orc:2)
  A red devil (Orc:2)
  3 tengu conjurers (D:15)
  A freezing wraith (D:9)
  A troll (shapeshifter) (D:15)
  3 wind drakes
  4 meliai
  7 trolls
  7 hornets
  32 merfolk
  4 tyrant leeches (Lair:6)
  A polar bear (Lair:1)
  3 meliai zombies
  A slime creature (D:12)
  9 snapping turtles
  19 blink frogs
  2 centaur simulacra (D:15)
  3 shadows
  3 redbacks (Lair:3)
  58 yaks
  12 water elementals
  17 humans (D:13)
  3 wraiths (Lair:5)
  4 wyverns
  6 hogs (Lair:6)
  A steam dragon (Gauntlet)
  A basilisk (D:13)
  8 vampire mosquitoes (D:12)
  4 wargs
  2 acid dragons
  A soldier ant (D:14)
  Menkaure (D:5)
  2 hell hounds (Lair:5)
  10 water moccasins
  A hornet zombie (D:14)
  A swamp drake (D:9)
  A phantom (D:7)
  23 ice beasts
  4 sky beasts
  4 black bears
  37 orc warriors
  An eye of draining (D:14)
  5 wolves (Lair:5)
  A boggart (D:9)
  14 ogres
  13 centaurs
  4 big kobolds
  15 bullfrogs
  5 scorpions
  5 wights (D:8)
  5 howler monkeys
  An electric eel (Lair:3)
  A crimson imp (Lair:1)
  A bullfrog zombie (D:12)
  17 jellies
  7 hounds
  31 orc priests
  Crazy Yiuf (D:3)
  3 bullfrog skeletons
  5 centaur skeletons
  11 orc wizards
  2 iguanas
  11 worker ants
  A hound skeleton (D:9)
  A hound zombie (D:10)
  3 gnolls (D:3)
  7 adders
  A shadow imp (D:5)
  16 white imps
  An ooze (D:1)
  An adder zombie (D:6)
  3 adder skeletons
  2 worms
  4 dart slugs
  9 leopard geckos
  84 orcs
  4 giant cockroaches
  8 hobgoblins
  12 jackals
  23 kobolds
  6 quokkas
  3 ball pythons
  11 bats
  5 frilled lizards
  11 goblins
  8 rats
  3 bushes
  2 tentacles (Shoals:4)
976 creatures vanquished.

Vanquished Creatures (others)
  A frost giant (Shoals:4)
  A rakshasa (D:12)
  A merfolk avatar (Shoals:4)
  An unseen horror (D:15)
  A centaur skeleton (D:14)
  A vampire (D:15)
  A water elemental (Shoals:4)
  A centaur (Shoals:1)
  27 fungi
  160 plants
  7 tentacles (Shoals:4)
202 creatures vanquished.

Grand Total: 1178 creatures vanquished

Notes
Turn   | Place    | Note
-------+----------+-------------------------------------------
     0 | D:1      | streetpizza the Halfling Hunter began the quest for the
                  | Orb.
     0 | D:1      | Reached XP level 1. HP: 14/14 MP: 1/1
    50 | D:1      | Reached XP level 2. HP: 19/19 MP: 2/2
   109 | D:1      | Reached skill level 1 in Short Blades
   173 | D:1      | Reached XP level 3. HP: 24/24 MP: 3/3
   668 | D:1      | Reached XP level 4. HP: 30/30 MP: 4/4
   718 | D:1      | Reached skill level 3 in Dodging
  1354 | D:2      | Found a broken altar of Ashenzari.
  1766 | D:3      | Reached XP level 5. HP: 35/35 MP: 5/5
  2001 | D:3      | Found a runed translucent door.
  2002 | D:3      | Noticed Crazy Yiuf
  2014 | D:3      | Killed Crazy Yiuf
  2089 | D:3      | Found a hazy altar of Hepliaklqana.
  2280 | D:3      | Found a runed translucent gate.
  2280 | D:3      | Noticed Rennog's ghost (amateur GnWn)
  2280 | D:3      | Noticed Nietzsche's ghost (amateur HuGl)
  2280 | D:3      | Noticed pigah's ghost (amateur DsWn)
  2286 | D:3      | Found a runed translucent gate.
  2286 | D:3      | Found a runed translucent gate.
  2726 | D:4      | Found a hide-covered altar of Uskayaw.
  2749 | D:4      | Reached XP level 6. HP: 39/42 MP: 4/6
  2853 | D:4      | Reached skill level 4 in Dodging
  3239 | D:4      | Noticed an ogre
  3248 | D:4      | Reached XP level 7. HP: 43/46 MP: 5/7
  3763 | D:5      | Entered Level 5 of the Dungeon
  4277 | D:5      | Found Gicleh's General Store.
  4289 | D:5      | Bought a scroll of remove curse for 33 gold pieces
  4289 | D:5      | Bought a scroll of random uselessness for 11 gold pieces
  4289 | D:5      | Bought a scroll of teleportation for 33 gold pieces
  4289 | D:5      | Bought a potion of curing for 33 gold pieces
  4289 | D:5      | Bought a scroll of identify for 22 gold pieces
  4331 | D:5      | Found a staircase to the Ecumenical Temple.
  4336 | Temple   | Entered the Ecumenical Temple
  4453 | Temple   | Became a worshipper of Warmaster Okawaru
  4543 | D:5      | Noticed Menkaure
  4554 | D:5      | Killed Menkaure
  4555 | D:5      | Reached skill level 5 in Dodging
  4555 | D:5      | Reached skill level 1 in Invocations
  4555 | D:5      | Reached XP level 8. HP: 54/54 MP: 8/8
  4732 | D:6      | Reached skill level 5 in Short Blades
  5078 | D:6      | Found a burning altar of Makhleb.
  5122 | D:6      | Reached * piety under Okawaru
  5156 | D:6      | Found a shadowy altar of Dithmenos.
  5662 | D:7      | Noticed Pikel
  5678 | D:7      | Killed Pikel
  5679 | D:7      | Reached skill level 5 in Fighting
  5679 | D:7      | Reached skill level 6 in Dodging
  5679 | D:7      | Reached XP level 9. HP: 53/61 MP: 6/12
  5855 | D:7      | Reached ** piety under Okawaru
  5931 | D:7      | Got a pitted mace
  5934 | D:7      | Identified the +3 mace "Suhiad" {speed, Int+2} (You found
                  | it on level 7 of the Dungeon)
  6270 | D:7      | Found a glowing golden altar of the Shining One.
  6285 | D:7      | Found a burning altar of Makhleb.
  6286 | D:7      | Noticed a green death
  6375 | D:7      | Found Jyorou's Book Emporium.
  6447 | D:7      | Found an ancient bone altar of Kikubaaqudgha.
  6543 | D:7      | Reached skill level 7 in Dodging
  6959 | D:8      | Reached skill level 5 in Invocations
  6987 | D:8      | You fall into a shaft and drop 3 floors!
  6988 | D:11     | Noticed a boulder beetle
  6998 | D:10     | Entered Level 10 of the Dungeon
  7035 | D:10     | Reached XP level 10. HP: 64/68 MP: 10/13
  7500 | D:9      | Found a staircase to the Orcish Mines.
  7509 | D:8      | Noticed a two-headed ogre
  7524 | D:8      | Killed a two-headed ogre
  7524 | D:8      | Reached *** piety under Okawaru
  7525 | D:8      | Reached skill level 8 in Dodging
  7924 | D:8      | Noticed Psyche
  7942 | D:8      | Killed Psyche
  8104 | D:8      | Found a sacrificial altar of Ru.
  8185 | D:8      | Reached **** piety under Okawaru
  8750 | D:9      | Received a gift from Okawaru
  8936 | D:9      | Found a shimmering altar of Xom.
  8937 | D:9      | Found a stormy altar of Qazlal.
  8943 | D:9      | Reached XP level 11. HP: 59/75 MP: 12/16
  9058 | D:9      | Noticed a two-headed ogre
  9078 | D:9      | Killed a two-headed ogre
  9079 | D:9      | Reached skill level 9 in Dodging
  9479 | D:9      | Noticed a boulder beetle
  9540 | D:9      | Killed a boulder beetle
  9833 | D:9      | Reached skill level 10 in Short Blades
 10737 | D:10     | Noticed a centaur warrior
 10794 | D:9      | Reached ***** piety under Okawaru
 11211 | D:9      | Killed a centaur warrior
 11511 | D:10     | Found a staircase to the Lair.
 11534 | D:10     | Got a slimy scale mail
 11545 | D:10     | Identified the cursed +1 scale mail "Forget-Me-Not" {Str+3}
                  | (You found it on level 10 of the Dungeon)
 11737 | D:11     | Noticed an eight-headed hydra
 11755 | D:11     | Killed an eight-headed hydra
 11756 | D:11     | Reached skill level 1 in Armour
 11756 | D:11     | Reached skill level 10 in Dodging
 12021 | D:11     | Reached XP level 12. HP: 84/84 MP: 18/18
 12135 | D:11     | You fall into a shaft and drop 2 floors!
 12135 | D:13     | Noticed a two-headed ogre
 12157 | D:13     | Killed a two-headed ogre
 12209 | D:13     | Received a gift from Okawaru
 12647 | D:12     | Received a gift from Okawaru
 12656 | D:12     | Noticed an unseen horror
 12667 | D:12     | Noticed an ogre mage
 12670 | D:12     | Killed an unseen horror
 12684 | D:12     | Killed an ogre mage
 12684 | D:12     | Received a gift from Okawaru
 12809 | D:12     | Noticed a centaur warrior
 12830 | D:12     | Killed a centaur warrior
 13021 | D:12     | Noticed a rakshasa
 13294 | D:12     | Noticed a two-headed ogre
 13312 | D:12     | Killed a two-headed ogre
 13313 | D:12     | Reached skill level 11 in Dodging
 13675 | D:12     | Reached skill level 5 in Armour
 13675 | D:12     | Reached XP level 13. HP: 75/90 MP: 15/20
 13758 | D:12     | Reached skill level 10 in Invocations
 14362 | D:11     | Noticed Snorg
 14389 | D:11     | Killed Snorg
 14681 | D:11     | Noticed an eight-headed hydra
 14712 | D:11     | Killed an eight-headed hydra
 14712 | D:11     | Received a gift from Okawaru
 15227 | D:12     | Received a gift from Okawaru
 15381 | D:12     | Killed a rakshasa
 15609 | D:12     | Noticed a four-headed hydra
 15623 | D:12     | Killed a four-headed hydra
 15623 | D:12     | Received a gift from Okawaru
 15786 | D:12     | Reached skill level 10 in Fighting
 15968 | D:13     | Noticed a boulder beetle
 15986 | D:13     | Killed a boulder beetle
 16292 | D:13     | Reached skill level 1 in Evocations
 16548 | D:13     | Received a gift from Okawaru
 16649 | D:13     | Noticed a vault guard
 16699 | D:13     | Killed a vault guard
 16699 | D:13     | Received a gift from Okawaru
 16714 | D:13     | Noticed a vault guard
 16718 | D:13     | Reached skill level 12 in Dodging
 16727 | D:13     | Killed a vault guard
 16749 | D:13     | Reached XP level 14. HP: 59/99 MP: 17/22
 16988 | D:13     | Found a gate to the Vaults.
 17731 | D:14     | Received a gift from Okawaru
 18251 | D:14     | Reached ****** piety under Okawaru
 18528 | D:14     | Noticed Nessos
 18550 | D:14     | Paralysed by Nessos for 4 turns
 18588 | D:14     | Killed Nessos
 19565 | D:15     | Entered Level 15 of the Dungeon
 19624 | D:15     | Reached skill level 5 in Evocations
 19705 | D:15     | Received a gift from Okawaru
 20183 | D:15     | Found a gate leading to a gauntlet.
 20187 | Gauntlet | Entered a Gauntlet
 20187 | Gauntlet | Found a transporter.
 20187 | Gauntlet | Found a transporter.
 20187 | Gauntlet | Found a transporter.
 20222 | Gauntlet | Found a transporter.
 20225 | Gauntlet | Found a transporter.
 20232 | Gauntlet | Found a runed translucent door.
 20235 | Gauntlet | Found a transporter.
 20236 | Gauntlet | Found a transporter.
 20244 | Gauntlet | Found a transporter.
 20262 | Gauntlet | Found a transporter.
 20269 | Gauntlet | Found a transporter.
 20269 | Gauntlet | Found a transporter.
 20271 | Gauntlet | Found a runed translucent gate.
 20271 | Gauntlet | Found a runed translucent gate.
 20272 | Gauntlet | Found a large runed translucent door.
 20272 | Gauntlet | Found a large runed translucent door.
 20273 | Gauntlet | Found a large runed translucent door.
 20274 | Gauntlet | Found a large runed translucent door.
 20275 | Gauntlet | Found a large runed translucent door.
 20275 | Gauntlet | Found a large runed translucent door.
 20275 | Gauntlet | Found a runed translucent door.
 20276 | Gauntlet | Found a large runed translucent door.
 20277 | Gauntlet | Found a large runed translucent door.
 20279 | Gauntlet | Found a transporter.
 20324 | Gauntlet | Found a runed translucent gate.
 20325 | Gauntlet | Found a large runed translucent door.
 20325 | Gauntlet | Found a large runed translucent door.
 20326 | Gauntlet | Found a large runed translucent door.
 20329 | Gauntlet | Found a large runed translucent door.
 20330 | Gauntlet | Found a large runed translucent door.
 20330 | Gauntlet | Found a large runed translucent door.
 20330 | Gauntlet | Found a runed translucent door.
 20331 | Gauntlet | Found a large runed translucent door.
 20332 | Gauntlet | Found a large runed translucent door.
 20601 | Gauntlet | Reached skill level 13 in Dodging
 20601 | Gauntlet | Reached XP level 15. HP: 95/106 MP: 17/23
 20763 | Gauntlet | Got a pitted leather armour
 20775 | Gauntlet | Identified the cursed +1 leather armour of Responsibility
                  | {rElec Str+5} (You found it in a Gauntlet)
 21464 | D:15     | Received a gift from Okawaru
 21636 | D:15     | Found a staircase to the Depths.
 21706 | D:15     | Received a gift from Okawaru
 22044 | D:15     | Found Vuptupp's Jewellery Emporium.
 22049 | D:15     | Bought the brooch of Shielding {Spirit SH+8} for 831 gold
                  | pieces
 22049 | D:15     | Found the brooch of Shielding {Spirit SH+8}
 22165 | D:15     | Found an ancient bone altar of Kikubaaqudgha.
 22405 | D:15     | Received a gift from Okawaru
 22539 | Lair:1   | Entered Level 1 of the Lair of Beasts
 22602 | Lair:1   | Reached skill level 10 in Armour
 22658 | Lair:1   | Found a frozen archway.
 22676 | IceCv    | Entered an ice cave
 23772 | IceCv    | Got a twitching ivory ring
 23822 | IceCv    | Identified the ring "Zeups" {rC+ Slay+3 SInv} (You found it
                  | in an ice cave)
 24039 | Lair:1   | Received a gift from Okawaru
 24111 | Lair:1   | Got a slimy robe
 24122 | Lair:1   | Identified the +2 robe of Okkusi {Str+4 Stlth+} (You found
                  | it on level 1 of the Lair of Beasts)
 24632 | Lair:1   | Received a gift from Okawaru
 25865 | Lair:2   | Received a gift from Okawaru
 25871 | Lair:2   | Got a slimy fustibalus {god gift}
 25872 | Lair:2   | Identified the +6 fustibalus "Noebeil" {flame, Dex+4}
                  | (Okawaru gifted it to you on level 2 of the Lair of Beasts)
 25986 | Lair:2   | Reached XP level 16. HP: 114/114 MP: 24/24
 26029 | Lair:2   | Found a staircase to the Shoals.
 26261 | Lair:2   | Reached skill level 10 in Slings
 26550 | Lair:3   | Found a hole to the Spider Nest.
 28130 | Lair:4   | Reached skill level 14 in Dodging
 28646 | Lair:5   | Noticed Josephine
 28850 | Lair:5   | Found a dark tunnel.
 28906 | Volcano  | Entered a volcano
 28925 | Volcano  | Found a radiant altar of Vehumet.
 28975 | Volcano  | Received a gift from Okawaru
 29288 | Lair:5   | Found a staircase to the Slime Pits.
 29366 | Lair:5   | Killed Josephine
 29366 | Lair:5   | Received a gift from Okawaru
 29573 | Lair:5   | Noticed Rupert
 29617 | Lair:5   | Killed Rupert
 29617 | Lair:5   | Received a gift from Okawaru
 29664 | Lair:5   | Received a gift from Okawaru
 29949 | Lair:5   | Reached skill level 5 in Shields
 30358 | Lair:6   | Entered Level 6 of the Lair of Beasts
 30423 | Lair:6   | Received a gift from Okawaru
 30428 | Lair:6   | Got a transparent scale mail {god gift}
 30442 | Lair:6   | Identified the +3 scale mail of Lust {Str-4 Int+9} (Okawaru
                  | gifted it to you on level 6 of the Lair of Beasts)
 31240 | Lair:6   | Reached XP level 17. HP: 120/120 MP: 25/25
 31264 | Lair:6   | Noticed Kirke
 31285 | Lair:6   | Killed Kirke
 31402 | Lair:6   | Found a runed translucent door.
 32093 | Orc:1    | Entered Level 1 of the Orcish Mines
 32139 | Orc:1    | Noticed Erica
 32213 | Orc:1    | Killed Erica
 32302 | Orc:1    | Found a bloodstained altar of Trog.
 32445 | Orc:1    | Found Moig's Assorted Antiques.
 32474 | Orc:1    | Bought a scroll of magic mapping for 94 gold pieces
 32474 | Orc:1    | Bought a scroll of fog for 54 gold pieces
 32474 | Orc:1    | Bought a potion of invisibility for 216 gold pieces
 32474 | Orc:1    | Bought a metal-bound book for 405 gold pieces
 32659 | Orc:2    | Entered Level 2 of the Orcish Mines
 32693 | Orc:2    | Noticed Erolcha
 32700 | Orc:2    | Killed Erolcha
 33408 | Orc:2    | Received a gift from Okawaru
 33446 | Orc:2    | Found a roughly hewn altar of Beogh.
 33520 | Orc:2    | Found Ymariry's Assorted Antiques.
 33554 | Orc:2    | Found a staircase to the Elven Halls.
 33564 | Orc:2    | Noticed Maurice
 33727 | Orc:2    | Killed Maurice
 33785 | Orc:2    | Found Dirhue's General Store.
 33979 | Orc:2    | Found Duqayghu's General Store.
 34356 | Orc:2    | Paralysed by an orc sorcerer for 7 turns
 34372 | Orc:2    | Received a gift from Okawaru
 34609 | Orc:2    | Got a masterwork short sword {god gift}
 34610 | Orc:2    | Identified the +9 short sword of Tariq {pain, Will+ Str+3}
                  | (Okawaru gifted it to you on level 2 of the Orcish Mines)
 34715 | Orc:2    | Found Kyxzis's Antique Armour Shop.
 34715 | Orc:2    | Found Ymmos's Gadget Boutique.
 34715 | Orc:2    | Found a one-way gate leading to the halls of Pandemonium.
 34749 | Orc:2    | Reached skill level 15 in Dodging
 34874 | Orc:2    | Bought a scroll labelled ICZOREXEWO for 27 gold pieces
 34874 | Orc:2    | Bought a pair of runed boots for 202 gold pieces
 34966 | Orc:2    | Bought a pair of runed boots for 240 gold pieces
 35029 | Orc:2    | Acquired 1049 gold pieces
 35031 | Orc:2    | Bought a wand of paralysis (6) for 120 gold pieces
 35062 | Orc:2    | Bought a wand of paralysis (6) for 144 gold pieces
 35062 | Orc:2    | Bought a phial of floods for 720 gold pieces
 35062 | Orc:2    | Bought a lightning rod (4/4) for 540 gold pieces
 35115 | Orc:2    | Bought a hardcover book for 405 gold pieces
 35407 | Shoals:1 | Entered Level 1 of the Shoals
 35829 | Shoals:1 | Found a flickering gateway to a bazaar.
 35841 | Bazaar   | Entered a bazaar
 35841 | Bazaar   | Found Xahemaic's Assorted Antiques.
 35841 | Bazaar   | Found Hohire's Weapon Boutique.
 35841 | Bazaar   | Found Huschin's Assorted Antiques.
 35841 | Bazaar   | Found Okiurphom's Book Boutique.
 35841 | Bazaar   | Found Tuora's Magic Scroll Shop.
 35902 | Bazaar   | Bought a scroll of identify for 24 gold pieces
 35902 | Bazaar   | Bought a scroll of identify for 24 gold pieces
 35902 | Bazaar   | Bought a scroll of magic mapping for 42 gold pieces
 35902 | Bazaar   | Bought a scroll of remove curse for 36 gold pieces
 35902 | Bazaar   | Bought 2 scrolls of remove curse for 72 gold pieces
 36978 | Shoals:1 | Received a gift from Okawaru
 37019 | Shoals:1 | Reached XP level 18. HP: 128/128 MP: 26/26
 37370 | Shoals:2 | Noticed Polyphemus
 37451 | Shoals:1 | Reached skill level 10 in Evocations
 37688 | Shoals:1 | Killed Polyphemus
 39067 | Shoals:2 | Received a gift from Okawaru
 39524 | Shoals:3 | Received a gift from Okawaru
 39548 | Shoals:3 | Got a brightly glowing helmet {god gift}
 39559 | Shoals:3 | Identified the +1 helmet of Qustrol {Rampage rPois rF+}
                  | (Okawaru gifted it to you on level 3 of the Shoals)
 39815 | Shoals:3 | Found the +9 staff of Wucad Mu {channel}
 40010 | Shoals:3 | Found Dnocwiew's Desiderata Depot.
 40236 | Shoals:3 | Got a ripped robe
 40247 | Shoals:3 | Identified the +1 robe of Ru {Slay+2} (You found it on
                  | level 3 of the Shoals)
 40627 | Shoals:4 | Entered Level 4 of the Shoals
 41698 | Shoals:4 | Reached skill level 16 in Dodging
 41721 | Shoals:4 | Noticed a kraken
 41744 | Shoals:4 | Killed a kraken
 41744 | Shoals:4 | Received a gift from Okawaru
 42059 | Shoals:4 | Reached XP level 19. HP: 135/135 MP: 27/27
 42154 | Shoals:4 | Slain by a merfolk impaler

Illustrated notes

Levels and vault maps discovered:
D:1:      eino_arrival_water_star, layout_loops_cross, st_stairs_11,
          minivault_4, minmay_cupped
D:2:      layout_loops_ring, lemuel_round_altar
D:3:      layout_basic, nzn_hepliaklqana_mist_gate, gammafunk_ghost_cemetery,
          st_stairs_14, uniq_crazy_yiuf_cottage
D:4:      layout_basic, old_standard_altar, minivault_1
D:5:      layout_rooms, temple_doors_ab, serial_shops,
          nicolae_shop_behind_doors, hangedman_decor_peaks_small, uniq_menkaure
D:6:      layout_basic, nicolae_dithmenos_shadow_blocks, basic_altar
D:7:      layout_basic, tso_altar, makhleb_altar_promises_db, kennysheep_mini,
          serial_shops, nicolae_shop_waterfront, roderic_serpentine_path,
          uniq_pikel
D:8:      layout_loops_corners, nicolae_ru_awakened_eye, uniq_psyche
D:9:      layout_small_grid, erik_orc_1, jmf_multi_god_temple
D:10:     layout_cave_pools, grunt_lair_entry_orc_guard_hut
D:11:     kennysheep_six_static_rooms, layout_long_grid, uniq_snorg
D:12:     minmay_cut_squares, layout_loops_ring
D:13:     layout_layer_cave, grunt_vaults_entry_tiered
D:14:     layout_rooms, minmay_misc_feat_alley, uniq_nessos
D:15:     grunt_enter_depths_magical_seal, layout_basic, gauntlet_entry_generic,
          roderic_cross_of_infinity, serial_shops, shop_coins, basic_altar,
          serial_curves, eino_curves_01, eino_curves_01, eino_curves_04
Temple:   regret_index_temple_waves
Lair:1:   wad_woods_structure_01, layout_big_grid, serial_forest,
          infiniplex_forest_lined_2, infiniplex_forest_corner_1,
          infiniplex_forest_clump_cross, infiniplex_forest_end_double,
          infiniplex_forest_lined_corner, infiniplex_forest_clump_large,
          portal_ice_cave_entry_imps, infiniplex_staircase_pool_2
Lair:2:   layout_loops_ring, shoals_dummy_entry
Lair:3:   layout_cellular_growth, spider_nest_entry_webs,
          infiniplex_staircase_pool
Lair:4:   layout_cave_pods, kennysheep_catoblepas_arena
Lair:5:   layout_regular_city, minmay_slime_entry_jelly_boxes, enter_volcano_3,
          uniq_josephine, uniq_rupert
Lair:6:   wormcave, layout_long_grid, lemuel_fruit_fields, uniq_kirke
Shoals:1: layout_shoals, serial_shops, freezing_bzr
Shoals:2: layout_shoals, uniq_polyphemus
Shoals:3: layout_shoals, nicolae_shoals_square_sea_wall, nicolae_alphabet_shops
Shoals:4: shoals_end_grunt_ice, layout_shoals,
          nicolae_shoals_siren_and_animal_friends
Orc:1:    layout_caves, serial_shops, shop, bloody_trog, uniq_erica
Orc:2:    pf_orc_diabolical, layout_caves, serial_shops,
          nicolae_shop_statue_plus, mines1_david, uniq_maurice, uniq_erolcha

Skill      XL: |  1  2  3  4  5  6  7  8  9 10 11 12 13 14 15 16 17 18 |
---------------+-------------------------------------------------------+-----
Slings         | 6 7 8 9 11 13 14 | 14.0
Fighting       | 2 3 4 5 6 7 8 9 10 11 12 13 | 13.9
Short Blades   | 1 2 3 4 6 7 9 10 11 12 13 14 | 14.3
Dodging        | 3 4 5 6 7 8 10 11 12 13 14 15 16 | 16.1
Invocations    | 1 4 5 7 8 9 10 | 10.7
Armour         | 1 5 7 9 10 11 13 | 13.1
Evocations     | 2 5 7 8 9 11 | 11.2
Shields        | 6 |  6.8
Stealth        | |  1.1

Action                   |  1- 3 |  4- 6 |  7- 9 | 10-12 | 13-15 | 16-18 | 19-21 || total
-------------------------+-------+-------+-------+-------+-------+-------+-------++-------
Melee: Short sword       |    19 |    81 |   179 |   644 |  1844 |  1128 |       ||  3895
       Quarterstaff      |       |    20 |    27 |   152 |   329 |    38 |       ||   566
       Dagger            |       |       |     3 |       |       |       |       ||     3
       Mace              |       |       |     2 |       |       |       |       ||     2
       Punch             |       |       |     1 |    11 |    37 |     5 |       ||    54
       Demon blade       |       |       |       |       |       |   500 |    57 ||   557
 Fire: Hunting sling     |    65 |    93 |   239 |   229 |   137 |       |       ||   763
       Fustibalus        |       |       |       |       |    10 |   758 |    13 ||   781
Throw: Dart              |       |       |       |    45 |    19 |     4 |       ||    68
Invok: Heroism           |       |       |     4 |    21 |    32 |    23 |     1 ||    81
       Finesse           |       |       |       |     2 |     6 |     5 |     1 ||    14
 Abil: Evoke Flight      |       |       |       |       |       |     2 |       ||     2
Evoke: Condenser vane    |       |       |       |     1 |     3 |     4 |       ||     8
       Wand              |       |       |       |       |     3 |    17 |       ||    20
       Box of beasts     |       |       |       |       |       |     1 |       ||     1
  Use: Scroll            |       |       |     1 |     2 |    28 |     6 |     1 ||    38
       Potion            |       |       |       |     6 |     2 |     1 |       ||     9
 Stab: Sleeping          |       |     2 |     1 |       |     2 |     1 |       ||     6
       Paralysed         |       |       |     2 |     2 |     6 |     1 |       ||    11
       Petrified         |       |       |     4 |       |       |       |       ||     4
       Confused          |       |       |       |     1 |       |       |       ||     1
       Distracted        |       |       |       |       |     1 |       |       ||     1
Armor: Leather armour    |    11 |    13 |    34 |    35 |    66 |   101 |     7 ||   267
       Scale mail        |       |       |       |    60 |   189 |       |       ||   249
       Skin              |       |       |       |    58 |       |       |       ||    58
       Ring mail         |       |       |       |       |       |     6 |       ||     6
       Fire dragon scale |       |       |       |       |       |     7 |       ||     7
Dodge: Dodged            |    23 |    81 |   123 |   623 |  1362 |   866 |   109 ||  3187
Block: Other             |       |       |       |       |   102 |    52 |       ||   154
       Buckler           |       |       |       |       |       |  1005 |   101 ||  1106
       Rpst.: Demon blade |       |       |       |       |       |    62 |    15 ||    77

Table legend: (Time is in decaauts)
 A = Elapsed time spent in this place.
 B = Non-inter-level travel time spent in this place.
 C = Inter-level travel time spent in this place.
 D = Time resting spent in this place.
 E = Time spent auto-exploring this place.
 F = Levels seen in this place.
 G = Mean time per level.
                   A        B        C        D        E       F      G
               +--------+--------+--------+--------+--------+-----+--------+
         Total |  39964 |  38267 |   1697 |   3000 |  24312 |  32 | 1248.9 |
       Dungeon |  20644 |  20081 |    563 |   1279 |  13814 |  15 | 1376.3 |
        Temple |    137 |    122 |     15 |      0 |    116 |   1 |  137.0 |
          Lair |   8056 |   7399 |    657 |    355 |   5022 |   6 | 1342.7 |
        Shoals |   6106 |   5982 |    124 |    921 |   3403 |   4 | 1526.5 |
  Orcish Mines |   2895 |   2558 |    337 |    117 |   1297 |   2 | 1447.5 |
        Bazaar |     65 |     65 |      0 |      0 |     26 |   1 |   65.0 |
      Ice Cave |   1140 |   1140 |      0 |    246 |    514 |   1 | 1140.0 |
       Volcano |    262 |    262 |      0 |     10 |      0 |   1 |  262.0 |
      Gauntlet |    655 |    655 |      0 |     70 |    120 |   1 |  655.0 |
               +--------+--------+--------+--------+--------+-----+--------+

Top non-repeatable levels by time:
     D:9: 2488 daAuts
   Orc:2: 2280 daAuts
    D:13: 2264 daAuts
Shoals:1: 1826 daAuts
    D:12: 1810 daAuts
Shoals:3: 1788 daAuts
    D:14: 1777 daAuts
  Lair:1: 1776 daAuts
    D:15: 1770 daAuts
    D:11: 1694 daAuts
  Lair:2: 1463 daAuts
  Lair:6: 1400 daAuts
     D:7: 1342 daAuts
Shoals:2: 1325 daAuts
     D:8: 1270 daAuts
